 Dungeon Crawl Stone Soup version 0.29.1-2-gbd0b4ee654 (webtiles) character file.

Game seed: 11011872673758713323

49 DildoBatman the Conjurer (level 4, -1/29 (30) HPs)
             Began as a Formicid Conjurer on Nov 10, 2022.
             Slain by a jackal (2 damage)
             ... on level 3 of the Dungeon.
             The game lasted 00:03:14 (1172 turns).

DildoBatman the Conjurer (Formicid Conjurer)        Turns: 1172, Time: 00:03:15

HP:   -1/29 (30)    AC:  3    Str: 12    XL:     4   Next: 2%
MP:   16/16         EV: 12    Int: 17    God:
Gold: 98            SH:  5    Dex: 14    Spells: 4/7 levels left

rFire   . . .      SeeInvis +   t - +0 mace (protect)
rCold   . . .      Faith    .   (no shield)
rNeg    . . .      Spirit   .   a - +0 robe
rPois   .          Reflect  +   (helmet unavailable)
rElec   .          Harm     .   (no cloak)
rCorr   .          Rampage  .   s - +0 pair of gloves
Will    .....                   (no boots)
Stlth   ++........              g - amulet of reflection
HPRegen 0.09/turn               n - ring of magical power
MPRegen 0.15/turn               (no ring)

@: lightly drained
A: permanent stasis, dig shafts and tunnels, antennae 3, four strong arms
a: Dig, Shaft Self


You were on level 3 of the Dungeon.
You visited 1 branch of the dungeon, and saw 3 of its levels.

You collected 98 gold pieces.

Inventory:

Hand Weapons
 m - a +0 spear
 r - a +0 trident
 t - a +0 mace of protection (weapon)
Missiles
 e - 13 stones
 i - 2 boomerangs
Armour
 a - a +0 robe (worn)
 s - a +0 pair of gloves (worn)
Jewellery
 g - an amulet of reflection (around neck)
 n - a ring of magical power (left hand)
Wands
 o - a wand of mindburst (15)
Scrolls
 c - 2 scrolls of identify {unknown}
 d - a scroll of magic mapping {unknown}
 f - a scroll of enchant armour {unknown}
 h - a scroll of poison {unknown}
 k - a scroll of enchant weapon {unknown}
 p - a scroll of amnesia {unknown}
 q - a scroll of immolation {unknown}
Potions
 b - a potion of magic
 j - 2 potions of attraction {unknown}
 l - a potion of lignification {unknown}


   Skills:
 - Level 1.7 Dodging
 - Level 2.4 Stealth
 - Level 2.1 Spellcasting
 * Level 4.8 Conjurations


You had 4 spell levels left.
You knew the following spells:

 Your Spells              Type           Power      Damage    Failure   Level
a - Searing Ray           Conj           36%        2d5       3%          2
c - Magic Dart            Conj           72%        1d6       2%          1

Your spell library contained the following spells:

 Spells                   Type           Power      Damage    Failure   Level
 Dazzling Flash           Conj/Hex       20%        N/A       22%         3
 Fulminant Prism          Conj/Hex       5%         3d7       56%         4
 Iskenderun's Mystic Bla  Conj/Tloc      10%        2d4       56%         4


Dungeon Overview and Level Annotations

Branches:
Dungeon (2/15)

Altars:


Innate Abilities, Weirdness & Mutations

You cannot be hasted, slowed, berserked, paralysed or teleported.
You can dig through walls and to a lower floor.
You have a pair of large antennae on your head. (SInv)
Your four strong arms can wield two-handed weapons with a shield.


Message History

The jackal barely misses you.
The jackal bites you but does no damage.
The jackal completely misses you. The jackal closely misses you.
The jackal bites you. You block the jackal's attack.
What are your orders? t - Shout!
Orders for allies: a - Attack new target. r - Retreat! s - Stop attacking. g - Guard the area. f - Follow me.
Anything else - Cancel.
You shout for attention!
The jackal bites you but does no damage.
You block the jackal's attack. The jackal bites you.
What are your orders? t - Shout!
Orders for allies: a - Attack new target. r - Retreat! s - Stop attacking. g - Guard the area. f - Follow me.
Anything else - Cancel.
You shout for attention!
You block the jackal's attack. The jackal misses you. The jackal bites you.
What are your orders? t - Shout!
Orders for allies: a - Attack new target. r - Retreat! s - Stop attacking. g - Guard the area. f - Follow me.
Anything else - Cancel.
You shout for attention!
The jackal bites you.
A jackal comes into view.
You block the jackal's attack. The jackal bites you. x2
The jackal barely misses you. The jackal bites you.
You die...

## #.
#.###
#..h#
##@h#
##h#


Kh. #### You could see 4 jackals and a kobold.

Vanquished Creatures
  An adder (D:2)
  A worm (D:2)
  A dart slug (D:2)
  3 ball pythons
  2 endoplasms
  4 giant cockroaches
  2 hobgoblins (D:1)
  2 jackals (D:2)
  3 kobolds (D:1)
  3 quokkas
  2 bats
  5 frilled lizards
  A goblin (D:1)
  4 rats (D:1)
34 creatures vanquished.

Notes
Turn   | Place    | Note
-------+----------+-------------------------------------------
     0 | D:1      | DildoBatman the Formicid Conjurer began the quest for the
                  | Orb.
     0 | D:1      | Reached XP level 1. HP: 13/13 MP: 3/3
   211 | D:1      | Reached XP level 2. HP: 4/19 MP: 0/5
   214 | D:1      | Learned a level 2 spell: Searing Ray
   239 | D:1      | Reached skill level 4 in Conjurations
   829 | D:2      | Reached XP level 3. HP: 24/24 MP: 6/6
  1142 | D:2      | Reached XP level 4. HP: 30/30 MP: 7/7
  1144 | D:2      | You fall into a shaft and drop 1 floor!
  1172 | D:3      | HP: 1/29 [jackal (3)]
  1172 | D:3      | Slain by a jackal

Illustrated notes

Levels and vault maps discovered:
D:1:      ncdulo_smallfort, layout_basic, minmay_tromino_i4
D:2:      layout_basic, minivault_26, minmay_rat_gold_closets
D:3:      layout_basic, shapermc_ecumenical_altar_venn

Skill      XL: |  1  2 |
---------------+-------+-----
Conjurations   | 4 |  4.8
Dodging        | |  1.7
Stealth        | |  2.4
Spellcasting   | |  2.1

Action                   |  1- 3 |  4- 6 || total
-------------------------+-------+-------++-------
Melee: Dagger            |     7 |       ||     7
       Spear             |    22 |       ||    22
       Mace              |     2 |       ||     2
 Cast: Magic Dart        |    54 |       ||    54
       Searing Ray       |     3 |       ||     3
 Abil: Dig               |       |     1 ||     1
       Shaft Self        |       |     1 ||     1
 Stab: Sleeping          |     1 |       ||     1
Armor: Robe              |     6 |    12 ||    18
Dodge: Dodged            |     6 |    27 ||    33
Block: Other             |     2 |    11 ||    13
